 Dungeon Crawl Stone Soup version 0.28-a0-8-g6e044cfa68 (webtiles) character file.

Game seed: 10487090407424796215

96 Sin92 the Skirmisher (level 4, -2/35 HPs)
             Began as a Demonspawn Fighter on July 25, 2021.
             Succumbed to an adder's poison
             ... on level 2 of the Dungeon.
             The game lasted 00:01:56 (2497 turns).

Sin92 the Skirmisher (Demonspawn Fighter)           Turns: 2497, Time: 00:01:56

Health: -2/35      AC:  9    Str: 17    XL:     4   Next: 41%
Magic:  4/4        EV:  5    Int:  9    God:
Gold:   22         SH:  9    Dex: 13    Spells: 3/3 levels left

rFire   . . .      SeeInvis .   a - +0 war axe
rCold   . . .      Faith    .   c - +0 kite shield
rNeg    . . .      Spirit   .   h - +0 chain mail
rPois   .          Reflect  .   (no helmet)
rElec   .          Harm     .   (no cloak)
rCorr   .          Rampage  .   (no gloves)
Will    .....                   (no boots)
Stlth   ..........              (no amulet)
HPRegen 0.11/turn               (no ring)
MPRegen 0.09/turn               (no ring)

@: lethally poisoned (-2 -> -9)
A: ignite blood 2
a: no special abilities


You were on level 2 of the Dungeon.
You visited 1 branch of the dungeon, and saw 3 of its levels.

You collected 22 gold pieces.

Inventory:

Hand Weapons
 a - a +0 war axe (weapon)
Armour
 b - a +0 scale mail
 c - a +0 kite shield (worn)
 h - a +0 chain mail (worn)
Scrolls
 f - 3 scrolls of identify {unknown}
 i - a scroll of enchant weapon {unknown}
Potions
 d - a potion of might
 g - a potion of flight


   Skills:
 + Level 3.4 Fighting
 * Level 2.8 Axes
 + Level 3.1 Armour
 + Level 1.2 Dodging
 + Level 3.1 Shields


You had 3 spell levels left.
You didn't know any spells.
Your spell library was empty.

Dungeon Overview and Level Annotations

Branches:
Dungeon (3/15)

Altars:

Shops:
D:1 [   D:2 ?


Innate Abilities, Weirdness & Mutations

Your demonic aura often causes spilled blood to erupt in flames.


Message History

You are too injured to fight recklessly!
Unknown command.
You are too injured to fight recklessly!
You feel sick.
There is a stone staircase leading up here.
You can't go down here!
You feel sick. You block the adder's attack. The adder barely misses you.
The adder bites you.
You are more poisoned.
The adder poisons you!
You climb upwards.
* * * LOW HITPOINT WARNING * * *
You feel very sick.
There is a stone staircase leading down here.
You hit the adder.
The adder is heavily wounded.
You hit the adder.
* * * LOW HITPOINT WARNING * * *
You feel sick.
The adder is engulfed in blazing flames.
The adder bites you but does no damage. x2
The adder is engulfed in blazing flames.
You kill the adder!
You block the adder's attack.
You barely miss the adder.
The adder is heavily wounded.
* * * LOW HITPOINT WARNING * * *
You feel sick. The adder bites you but does no damage. The adder bites you.
* * * LOW HITPOINT WARNING * * *
Unknown command.
You miss the adder.
The adder is heavily wounded.
* * * LOW HITPOINT WARNING * * *
You feel sick. The adder bites you.
* * * LOW HITPOINT WARNING * * *
You are more poisoned.
The adder poisons you! The adder barely misses you.
You closely miss the adder.
The adder is heavily wounded.
You die...

#.# #.#)#
#..#####.#... #.#
#.#.#####............
#.#
#......#.........###.
#.#
###.##.#.####.##.#...
#.# #.##.#.##
#.##.#.#. #.#
#.##....###)##.#.##
#.#
#........#.......##
#.#
##...........##.##..
#.#
#.S@..[......##.##.#
#.#
#.○........####....#
#.########...(.....##
#.####
#..........####...##
#..... ############
##### ######


You could see an adder.

Vanquished Creatures
  4 adders (D:2)
  An adder skeleton (D:2)
  A dart slug (D:1)
  9 ball pythons
  A bat (D:1)
  4 endoplasms
  A giant cockroach (D:1)
  10 goblins
  4 hobgoblins (D:1)
  4 jackals
  4 quokkas
  2 frilled lizards
  5 kobolds
  2 rats
52 creatures vanquished.

Notes
Turn   | Place    | Note
-------+----------+-------------------------------------------
     0 | D:1      | Sin92 the Demonspawn Fighter began the quest for the Orb.
     0 | D:1      | Reached XP level 1. HP: 18/18 MP: 1/1
   368 | D:1      | Gained mutation: Your demonic aura sometimes causes spilled
                  | blood to erupt in flames. [demonic ancestry]
   368 | D:1      | Reached XP level 2. HP: 22/24 MP: 2/2
   744 | D:1      | Reached XP level 3. HP: 25/29 MP: 3/3
   866 | D:1      | Found Kooj's Armour Emporium.
  1174 | D:2      | Found Jizaitid's Magic Scroll Emporium.
  1301 | D:2      | Reached skill level 1 in Dodging
  1793 | D:2      | Gained mutation: Your demonic aura often causes spilled
                  | blood to erupt in flames. [demonic ancestry]
  1793 | D:2      | Reached XP level 4. HP: 15/35 MP: 4/4
  2401 | D:2      | Found a faded altar of an unknown god.
  2496 | D:2      | HP: 1/35 [adder (1)]
  2497 | D:2      | Succumbed to an adder's poison

Illustrated notes

Levels and vault maps discovered:
D:1:      lightli_arrival_quake, layout_loops_ring, serial_shops,
          nicolae_lakefront_shop, minmay_tromino_i4
D:2:      layout_loops_ring, serial_shops, nicolae_shop_trees,
          chequers_ecumenical_altar_grove
D:3:      layout_rooms, mainiacjoe_overflow_alcove_4,
          mainiacjoe_overflow_boulevard

Skill      XL: |  1  2  3 |
---------------+----------+-----
Axes           | 2 |  2.8
Shields        | 3 |  3.1
Armour         | 3 |  3.1
Dodging        | 1 |  1.2
Fighting       | |  3.4

Action                   |  1- 3 |  4- 6 || total
-------------------------+-------+-------++-------
Melee: War axe           |   149 |    28 ||   177
  Use: Potion            |     2 |       ||     2
Armor: Scale mail        |    15 |       ||    15
       Chain mail        |    73 |    21 ||    94
       Skin              |     3 |       ||     3
Dodge: Dodged            |    26 |    12 ||    38
Block: Kite shield       |    81 |    14 ||    95

Table legend: (Time is in decaauts)
 A = Elapsed time spent in this place.
 B = Non-inter-level travel time spent in this place.
 C = Inter-level travel time spent in this place.
 D = Time resting spent in this place.
 E = Time spent auto-exploring this place.
 F = Levels seen in this place.
 G = Mean time per level.
                   A        B        C        D        E       F      G
               +--------+--------+--------+--------+--------+-----+--------+
         Total |   2605 |   2580 |     25 |    324 |   1831 |   3 |  868.3 |
       Dungeon |   2605 |   2580 |     25 |    324 |   1831 |   3 |  868.3 |
               +--------+--------+--------+--------+--------+-----+--------+

Top non-repeatable levels by time:
     D:2: 1446 daAuts
     D:1: 1147 daAuts
     D:3: 11 daAuts
